 Seeded DCSS version 0.30-a0-368-g86fb4627a9 (webtiles) character file.

Game seed: 4866231847754521613 (custom seed)

392 purpskrrrp the Magician (level 6, -5/32 HPs)
             Began as a Deep Elf Conjurer on Nov 18, 2022.
             Slain by Duvessa
             ... wielding a +2 short sword of venom
              (12 damage)
             ... on level 4 of the Dungeon.
             The game lasted 00:08:08 (3950 turns).

purpskrrrp the Magician (Deep Elf Conjurer)         Turns: 3950, Time: 00:08:09

Health: -5/32      AC:  5    Str:  3    XL:     6   Next: 50%
Magic:  4/17       EV: 13    Int: 32    God:
Gold:   230        SH:  0    Dex: 12    Spells: 11/17 levels left

rFire   . . .      SeeInvis .    m - staff of conjuration
rCold   . . .      Faith    .    (no shield)
rNeg    . . .      Spirit   .    a - +0 robe
rPois   .          Reflect  .    p - +2 helmet {Int+3}
rElec   .          Harm     .    (no cloak)
rCorr   .          Rampage  .    (no gloves)
Will    .....                    (no boots)
Stlth   ++........               (no amulet)
HPRegen 0.25/turn                (no ring)
MPRegen 0.15/turn                (no ring)

@: lethally poisoned (-5 -> -15)
A: talons 1, clever 1, deterioration 1
a: no special abilities


You were on level 4 of the Dungeon.
You visited 1 branch of the dungeon, and saw 4 of its levels.

You collected 230 gold pieces.

Inventory:

Hand Weapons
 i - a +0 great mace of protection
Armour
 a - a +0 robe (worn)
 p - a +2 helmet of intelligence (worn)
Magical Staves
 m - a staff of conjuration (weapon)
Jewellery
 j - a ring of ice
 k - a ring of see invisible
Wands
 r - a wand of flame (15)
Scrolls
 f - 2 scrolls of teleportation
 h - a scroll of magic mapping
 o - a scroll of noise
 u - a scroll of torment {unknown}
Potions
 b - a potion of magic
 c - 2 potions of mutation
 d - 2 potions of degeneration
 e - a potion of flight {unknown}
 l - 3 potions of lignification
 q - a potion of attraction


   Skills:
 + Level 4.1 Dodging
 + Level 4.2 Stealth
 * Level 6.0 Spellcasting
 + Level 5.3 Conjurations
 + Level 2.2 Evocations


You had 11 spell levels left.
You knew the following spells:

 Your Spells              Type           Power      Damage    Failure   Level
a - Magic Dart            Conj           100%       1d8       1%          1
b - Searing Ray           Conj           100%       2d8       1%          2
c - Dazzling Flash        Conj/Hex       80%        N/A       4%          3

Your spell library contained the following spells:

 Spells                   Type           Power      Damage    Failure   Level
 Fulminant Prism          Conj/Hex       20%        3d12      16%         4
 Iskenderun's Mystic Bla  Conj/Tloc      40%        2d9       16%         4


Dungeon Overview and Level Annotations

Branches:
Dungeon (4/15)
 Temple: D:4-7

Altars:
Hepliaklqana

Annotations:
D:4 Dowan, Duvessa


Innate Abilities, Weirdness & Mutations

You have sharp toenails.
Your mind is acute. (Int +4, Str/Dex -1)
Your body sometimes deteriorates upon taking damage.


Message History

(Press . to maintain the ray.)
The searing ray hits Duvessa.
Duvessa is lightly wounded.
The searing ray hits Dowan!
Dowan is severely wounded.
Dowan casts a spell.
Dowan blinks!
Duvessa says, "My weaknesses are his strengths!"
Duvessa closely misses you.
The searing ray hits Duvessa!
Duvessa is moderately wounded.
The searing ray hits the dart slug!
You kill the dart slug!
Duvessa is no longer blind.
Duvessa hits you with a +2 short sword of venom!
You are poisoned.
The searing ray hits Duvessa but does no damage.
Duvessa is moderately wounded.
You finish channelling your searing ray.
You feel sick.
Duvessa hits you with a +2 short sword of venom!
You are lethally poisoned!
Casting: Searing Ray (safe; 1% risk of failure)
Confirm with . or Enter, or press ? or * to list all spells.
Aiming: Searing Ray (safe; 1% risk of failure)
Press: ? - help, Shift-Dir - straight line, f - Duvessa
Aim: Duvessa, wielding a +2 short sword of venom and wearing a +0 chain mail (moderately wounded, 90% to hit)
You feel a surge of power!
The searing ray hits Duvessa but does no damage.
Duvessa is moderately wounded. (Press . to maintain the ray.)
You feel very sick.
Duvessa says, "I don't care about looks, I care about technique!"
Duvessa closely misses you.
The searing ray hits Duvessa.
Duvessa is heavily wounded.
* * * LOW HITPOINT WARNING * * *
You feel very sick.
Duvessa hits you with a +2 short sword of venom!
You die...

######.# #......#
...####### #.#.####.##
#.##.##...##
..##.#.....##
####........## ##.
#..........########.....
...##...........@e.....#
###
##.....#######.......#
##...## #.##.##.# ##.##
#.# # #.# #.# #.# ... #.
..= ...


You could see Duvessa.

Vanquished Creatures
  Grinder (D:4)
  A jelly (D:4)
  An orc wizard (D:3)
  An iguana (D:2)
  4 adders
  4 dart slugs
  8 orcs (D:3)
  8 endoplasms
  2 giant cockroaches (D:3)
  5 goblins
  6 hobgoblins
  4 jackals (D:1)
  5 kobolds
  2 quokkas
  5 ball pythons
  10 bats
  A frilled lizard (D:1)
  7 rats
75 creatures vanquished.

Notes
Turn   | Place    | Note
-------+----------+-------------------------------------------
     0 | D:1      | purpskrrrp the Deep Elf Conjurer began the quest for the
                  | Orb.
     0 | D:1      | Reached XP level 1. HP: 10/10 MP: 6/6
   244 | D:1      | Reached XP level 2. HP: 15/15 MP: 6/8
   545 | D:1      | Reached XP level 3. HP: 12/19 MP: 3/10
   849 | D:1      | Reached skill level 4 in Spellcasting
  1080 | D:1      | Identified a scroll of acquirement
  1080 | D:1      | Acquired a staff of conjuration
  1174 | D:2      | Learned a level 2 spell: Searing Ray
  1293 | D:2      | Reached XP level 4. HP: 24/24 MP: 9/12
  2030 | D:2      | Acquired a +0 helmet of intelligence
  2040 | D:2      | Learned a level 3 spell: Dazzling Flash
  2083 | D:3      | Found a faded altar of an unknown god.
  2408 | D:3      | Reached skill level 1 in Evocations
  2762 | D:3      | Found a hazy altar of Hepliaklqana.
  2803 | D:3      | HP: 1/24 [orc/+0 flail (5)]
  3209 | D:3      | Reached skill level 5 in Conjurations
  3211 | D:3      | Reached skill level 5 in Spellcasting
  3211 | D:3      | Reached XP level 5. HP: 28/28 MP: 2/14
  3537 | D:3      | Gained mutation: Your body sometimes deteriorates upon
                  | taking damage. [potion of mutation]
  3537 | D:3      | Gained mutation: Your mind is acute. (Int +4, Str/Dex -1)
                  | [potion of mutation]
  3537 | D:3      | Gained mutation: You have sharp toenails. [potion of
                  | mutation]
  3717 | D:4      | Noticed Grinder
  3723 | D:4      | Paralysed by Grinder for 3 turns
  3729 | D:4      | Killed Grinder
  3730 | D:4      | Reached skill level 6 in Spellcasting
  3730 | D:4      | Reached XP level 6. HP: 31/32 MP: 3/17
  3937 | D:4      | Noticed Duvessa
  3942 | D:4      | Noticed Dowan
  3950 | D:4      | Slain by Duvessa

Illustrated notes

Levels and vault maps discovered:
D:1:      dpeg_arrival_arbitrary_c, layout_basic
D:2:      layout_loops_ring, kennysheep_minor_cross
D:3:      minmay_chambers_of_twos, layout_loops_ring, overflow_temple_1_default,
          ebering_ecumenical_altar_petrified
D:4:      layout_loops_cross, gammafunk_temple_overflow_elements, dk_vineyard_3,
          uniq_grinder, uniq_natasha, uniq_duvessa

Skill      XL: |  1  2  3  4  5 |
---------------+----------------+-----
Stealth        | 3 4 |  4.2
Spellcasting   | 4 5 6 |  6.0
Dodging        | 3 4 |  4.1
Evocations     | 1 2 |  2.2
Conjurations   | 5 |  5.3

Action                   |  1- 3 |  4- 6 || total
-------------------------+-------+-------++-------
Melee: Unarmed           |     1 |       ||     1
       Great mace        |    19 |       ||    19
       Staff             |    12 |    40 ||    52
 Cast: Magic Dart        |    61 |    51 ||   112
       Searing Ray       |       |    11 ||    11
       Dazzling Flash    |       |     2 ||     2
  Use: Scroll            |     1 |    14 ||    15
       Potion            |       |     2 ||     2
Armor: Robe              |     8 |    15 ||    23
Dodge: Dodged            |    45 |    38 ||    83

Table legend: (Time is in decaauts)
 A = Elapsed time spent in this place.
 B = Non-inter-level travel time spent in this place.
 C = Inter-level travel time spent in this place.
 D = Time resting spent in this place.
 E = Time spent auto-exploring this place.
 F = Levels seen in this place.
 G = Mean time per level.
                   A        B        C        D        E       F      G
               +--------+--------+--------+--------+--------+-----+--------+
         Total |   3971 |   3755 |    216 |    645 |   2694 |   4 |  992.8 |
       Dungeon |   3971 |   3755 |    216 |    645 |   2694 |   4 |  992.8 |
               +--------+--------+--------+--------+--------+-----+--------+

Top non-repeatable levels by time:
     D:3: 1525 daAuts
     D:1: 1122 daAuts
     D:2: 970 daAuts
     D:4: 353 daAuts
